 Dungeon Crawl Stone Soup version 0.30-a0-799-g109b55a442 (webtiles) character file.

Game seed: 13087018736514851951

19594 dolemite99 the Severer (level 12, -5/106 HPs)
             Began as a Hill Orc Fighter on Feb 21, 2023.
             Was a High Priest of Okawaru.
             Slain by Rupert
             ... wielding a +0 great mace of protection
              (38 damage)
             ... on level 3 of the Lair of Beasts.
             The game lasted 00:19:41 (14909 turns).

dolemite99 the Severer (Hill Orc Fighter)          Turns: 14909, Time: 00:19:42

Health: -5/106     AC: 23    Str: 24    XL:     12   Next: 70%
Magic:  3/5        EV:  9    Int: 17    God:    Okawaru [*****.]
Gold:   640        SH:  5    Dex: 10    Spells: 11/11 levels left

rFire   . . .      SeeInvis .    b - +6 broad axe of Baepuics {antimagic, Fly Will+ Int+3}
rCold   . . .      Faith    .    c - +0 buckler
rNeg    . . .      Spirit   .    j - +0 plate armour
rPois   .          Reflect  .    L - +1 hat
rElec   .          Harm     .    (no cloak)
rCorr   .          Rampage  .    (no gloves)
Will    +....                    r - +1 pair of boots Stlth
                                 k - amulet of regeneration
HPRegen 1.17/turn                Q - ring of wizardry
MPRegen 0.09/turn                R - +6 ring of intelligence

@: heroic, flying, invisible
A: no striking features
a: Renounce Religion, Heroism, Finesse, Duel


You were on level 3 of the Lair of Beasts.
You worshipped Okawaru.
Okawaru was extremely pleased with you.
You visited 2 branches of the dungeon, and saw 12 of its levels.
You also visited: Sewer and Ossuary.

You collected 745 gold pieces.
You spent 105 gold pieces at shops.

Inventory:

Hand Weapons
 a - a +3 war axe of flaming
 b - the +6 broad axe of Baepuics (weapon) {antimagic, Fly Will+ Int+3}
   (Okawaru gifted it to you on level 2 of the Lair of Beasts)

   Int:       It affects your intelligence (+3).
   Fly:       It grants you flight.
   Will:      It increases your willpower.
 p - a +0 vampiric halberd
 x - a +3 war axe
 M - a +2 morningstar of draining
Missiles
 n - 25 poisoned darts (quivered)
 K - 4 silver javelins
 N - 10 javelins
 P - 66 stones
Armour
 c - a +0 buckler (worn)
 j - a +0 plate armour (worn)
 r - a +1 pair of boots (worn)
 L - a +1 hat (worn)
Magical Staves
 H - a staff of cold
Jewellery
 k - an amulet of regeneration (around neck)
 y - a ring of protection from cold
 Q - a ring of wizardry (left hand)
 R - a +6 ring of intelligence (right hand)
Wands
 t - a wand of digging (5)
 w - a wand of flame (21)
 G - a wand of paralysis (10)
 O - a wand of polymorph (2)
Scrolls
 f - 5 scrolls of blinking
 g - 4 scrolls of brand weapon
 h - 4 scrolls of amnesia
 q - 3 scrolls of poison
 v - 2 scrolls of silence
 z - 4 scrolls of vulnerability
 B - 3 scrolls of teleportation
 E - 4 scrolls of magic mapping
 I - a scroll of fog
 J - 8 scrolls of identify {@r1}
 S - a scroll of fear
Potions
 d - 5 potions of might
 e - a potion of cancellation
 i - 2 potions of attraction
 l - 4 potions of brilliance
 m - 2 potions of invisibility
 o - 6 potions of lignification
 s - 2 potions of mutation
 u - a potion of ambrosia
 A - 4 potions of heal wounds
 C - 5 potions of curing
 D - 2 potions of magic
 F - a potion of berserk rage


   Skills:
 + Level 10.1(15.1) Fighting
 * Level 15.9(20.9) Axes
 - Level 15.3(20.3) Armour
 - Level 3.2(8.2) Shields
 - Level 6.6 Invocations


You had 11 spell levels left.
You didn't know any spells.
Your spell library contained the following spells:

 Spells                   Type           Power      Damage    Failure   Level
 Apportation              Tloc           0%         N/A       52%         1
 Freeze                   Ice            0%         1d3       52%         1
 Ensorcelled Hibernation  Hex/Ice        0%         N/A       65%         2
 Lesser Beckoning         Tloc           0%         N/A       65%         2
 Passwall                 Tmut/Erth      0%         N/A       65%         2
 Frozen Ramparts          Ice            0%         1d1       86%         3
 Gell's Gravitas          Tloc           0%         N/A       86%         3
 Hailstorm                Conj/Ice       0%         3d3       86%         3
 Inner Flame              Hex/Fire       0%         N/A       86%         3
 Swiftness                Air            0%         N/A       86%         3
 Teleport Other           Tloc           0%         N/A       86%         3
 Airstrike                Air            0%         2d(0-16)  99%         4
 Cause Fear               Hex            0%         N/A       99%         4
 Petrify                  Tmut/Erth      0%         N/A       99%         4
 Alistair's Intoxication  Tmut/Pois      0%         N/A       100%        5
 Lightning Bolt           Conj/Air       0%         1d11      100%        5
 Metabolic Englaciation   Hex/Ice        0%         N/A       100%        5
 Statue Form              Tmut/Erth      0%         N/A       100%        6
 Discord                  Hex            0%         N/A       100%        8
 Summon Lightning Spire   Summ/Air       Unusable   N/A       N/A         4

Dungeon Overview and Level Annotations

Branches:
Dungeon (9/15)             Temple (0/1) D:7            Lair (3/5) D:9
  Swamp (0/4) Lair:2       Spider (0/4) Lair:2        Sewer (visited)
Ossuary (visited)
    Orc: D:9-12

Altars:
Ashenzari
Elyvilon
Gozag
Makhleb
Okawaru
Qazlal
Sif Muna
Uskayaw
Xom
Zin
The Shining One

Shops:
D:4 ?   D:5 *

Annotations:
Lair:3 Rupert


Message History

Rupert the Wild comes into view.
He is wielding a +0 great mace of protection.
Rupert shouts, "I'm a great and powerful hero!"
You throw a poisoned dart. The poisoned dart barely misses Rupert.
Rupert is nearby!
Rupert is nearby!
You throw a poisoned dart. The poisoned dart hits Rupert.
Rupert is poisoned.
You fail to use your ability.
You gain the combat prowess of a mighty hero.
You don't have enough magic at the moment.
Okay, then.
You don't have enough magic at the moment.
You fade into invisibility!
Rupert roars madly and goes into a rage!
Rupert goes berserk!
You block Rupert's attack.
You hit Rupert.
Rupert is lightly wounded.
Rupert hits you with a +0 great mace of protection!!
You hear a bleat!
You barely miss Rupert.
Rupert is lightly wounded.
You hear a bleat!
Rupert hits you with a +0 great mace of protection!
You hit Rupert.
Rupert is lightly wounded.
Rupert looks more healthy.
Rupert barely misses you.
You hit Rupert.
Rupert is lightly wounded.
Rupert hits you with a +0 great mace of protection!
You slash Rupert!
Rupert is lightly wounded.
Rupert barely misses you.
You slash Rupert!
Rupert is lightly wounded.
Rupert hits you with a +0 great mace of protection!!
You block Rupert's attack.
You slash Rupert!
Rupert is lightly wounded.
Rupert hits you with a +0 great mace of protection!!!
You die...

... #..### #..#
#..######†.... .
#...P# ##.## #..
#.#†.† ###...##
##...# ## #####.
#....#####...## #.
#......†....## ##
#...........#### #
#..##P#P#P.P...P##
#.##
#######......## .#
#.....@..# #
#.......@......#
#P..##....PP.....#
#...##P....##...#.#
...# ##...## ..#..#
..# #..(# ...###
....# .### ...(.


You could see Rupert (berserk, unable to see you).

Vanquished Creatures
  A hydra (Lair:2)
  Erica (Lair:2)
  A two-headed ogre (D:8)
  Urug (Lair:1)
  An orange crystal statue (D:9)
  A cyclops (D:9)
  An ice statue (D:9)
  2 black mambas (Lair:3)
  5 cane toads
  3 komodo dragons
  A rime drake (Lair:1)
  A polar bear (Lair:3)
  A meliai (Lair:2)
  5 blink frogs (Lair:1)
  3 tyrant leeches (Lair:2)
  2 wraiths
  A wyvern (Lair:2)
  19 yaks
  2 swamp worms (Lair:2)
  An acid dragon (D:9)
  5 orc warriors
  7 water moccasins
  3 black bears
  6 ice beasts
  An ogre (D:5)
  6 centaurs
  9 wolves
  2 phantoms (D:5)
  10 kobold brigands
  12 bullfrogs
  A necrophage (D:5)
  4 scorpions
  2 water moccasin zombies (Ossuary)
  13 wights
  10 killer bees
  4 howler monkeys
  2 electric eels (Lair:2)
  A jelly (D:4)
  4 orc priests
  A gnoll bouda (D:5)
  4 hounds
  2 iguanas (D:5)
  7 orc wizards
  2 mummies (Ossuary)
  6 gnolls
  2 river rats (Sewer)
  8 adders
  2 shadow imps (D:5)
  3 white imps
  An ufetubus (D:5)
  4 adder zombies (Ossuary)
  9 worms
  5 dart slugs
  36 orcs
  7 ball pythons
  2 bats
  8 endoplasms
  5 giant cockroaches
  4 gnoll zombies (Ossuary)
  2 goblins
  6 hobgoblins
  8 jackals
  5 quokkas
  2 frilled lizards (D:2)
  4 hobgoblin zombies (Ossuary)
  23 kobolds
  5 kobold zombies (Ossuary)
  4 orc zombies (Ossuary)
  5 rats
337 creatures vanquished.

Vanquished Creatures (others)
  A centaur (D:5)
  A hound (D:5)
  A gnoll bouda (D:5)
  An adder (D:5)
  A quokka (D:5)
  7 fungi
  8 plants
20 creatures vanquished.

Grand Total: 357 creatures vanquished

Notes
Turn   | Place    | Note
-------+----------+-------------------------------------------
     0 | D:1      | dolemite99 the Hill Orc Fighter began the quest for the
                  | Orb.
     0 | D:1      | Reached XP level 1. HP: 19/19 MP: 1/1
     9 | D:1      | Found a faded altar of an unknown god.
    25 | D:1      | Prayed at the altar of an unknown god.
    25 | D:1      | Became a worshipper of Warmaster Okawaru
    25 | D:1      | Reached * piety under Okawaru
    95 | D:1      | Reached XP level 2. HP: 26/26 MP: 2/2
   512 | D:1      | Reached XP level 3. HP: 31/31 MP: 3/3
   538 | D:1      | You fall into a shaft and drop 1 floor!
   552 | D:2      | Found a broken altar of Ashenzari.
   793 | D:2      | Reached skill level 5 in Axes
   878 | D:2      | Reached XP level 4. HP: 24/39 MP: 4/4
  1978 | D:3      | Reached XP level 5. HP: 8/45 MP: 5/5
  3455 | D:4      | Reached XP level 6. HP: 45/51 MP: 6/6
  3475 | D:4      | Found Weimn's Magic Scroll Boutique.
  3485 | D:4      | Bought a scroll of blinking for 105 gold pieces
  3499 | D:4      | Found a glowing drain.
  3520 | Sewer    | Entered a sewer
  3628 | Sewer    | Reached ** piety under Okawaru
  4095 | Sewer    | Reached XP level 7. HP: 12/57 MP: 7/7
  4678 | Sewer    | Reached skill level 10 in Axes
  5611 | D:4      | Reached *** piety under Okawaru
  5612 | D:4      | Reached XP level 8. HP: 49/64 MP: 8/8
  6091 | D:5      | Entered Level 5 of the Dungeon
  6279 | D:5      | Found Haekhli's Assorted Antiques.
  6378 | D:5      | Found a shimmering altar of Xom.
  6464 | D:5      | Reached skill level 5 in Invocations
  6627 | D:5      | Reached **** piety under Okawaru
  6703 | D:5      | Noticed a wraith
  6715 | D:5      | Reached skill level 5 in Fighting
  6715 | D:5      | Reached XP level 9. HP: 67/74 MP: 13/13
  7358 | D:6      | Found a hide-covered altar of Uskayaw.
  8098 | D:6      | Reached skill level 5 in Armour
  8275 | D:7      | Found a sand-covered staircase.
  8283 | Ossuary  | Entered an ossuary
  8607 | D:7      | Found a staircase to the Ecumenical Temple.
  8627 | D:7      | Found a stormy altar of Qazlal.
  8673 | D:7      | Reached XP level 10. HP: 81/86 MP: 14/14
  8721 | D:7      | Reached ***** piety under Okawaru
  9952 | D:8      | Found a shimmering blue altar of Sif Muna.
  9954 | D:8      | Found an iron altar of Okawaru.
  9973 | D:8      | Noticed a two-headed ogre
  9992 | D:8      | Killed a two-headed ogre
  9993 | D:8      | Reached skill level 10 in Armour
 10071 | D:8      | Found a burning altar of Makhleb.
 10570 | D:9      | Found an opulent altar of Gozag.
 10645 | D:9      | Found a staircase to the Lair.
 10695 | D:9      | Identified the +3 scimitar "Xetag" {elec, rPois}
 10819 | D:9      | Reached XP level 11. HP: 65/92 MP: 13/15
 10972 | D:9      | Received a gift from Okawaru
 11143 | D:9      | Noticed a cyclops
 11151 | D:9      | Killed a cyclops
 11327 | D:9      | Noticed an orange crystal statue
 11347 | D:9      | Killed an orange crystal statue
 12184 | D:9      | Found a glowing silver altar of Zin.
 12184 | D:9      | Found a white marble altar of Elyvilon.
 12184 | D:9      | Found a glowing golden altar of the Shining One.
 12339 | Lair:1   | Entered Level 1 of the Lair of Beasts
 12832 | Lair:1   | Reached skill level 15 in Armour
 12978 | Lair:1   | Noticed Urug
 12988 | Lair:1   | Killed Urug
 13481 | Lair:2   | Noticed a six-headed hydra
 13491 | Lair:2   | Killed a two-headed hydra
 13512 | Lair:2   | Noticed Erica
 13526 | Lair:2   | Killed Erica
 13526 | Lair:2   | Identified the +6 broad axe of Baepuics {antimagic, Fly
                  | Will+ Int+3} (Okawaru gifted it to you on level 2 of the
                  | Lair of Beasts)
 13526 | Lair:2   | Received a gift from Okawaru
 13527 | Lair:2   | Reached XP level 12. HP: 93/103 MP: 11/16
 13700 | Lair:2   | Found a hole to the Spider Nest.
 14275 | Lair:2   | Identified the +2 leather armour "Puteguf" {Harm rCorr
                  | Dex-5 Stlth-}
 14408 | Lair:2   | Reached skill level 15 in Axes
 14431 | Lair:2   | Found a staircase to the Swamp.
 14625 | Lair:3   | Received a gift from Okawaru
 14695 | Lair:3   | Reached skill level 10 in Fighting
 14895 | Lair:3   | Noticed Rupert
 14909 | Lair:3   | Slain by Rupert

Illustrated notes

Levels and vault maps discovered:
D:1:      dpeg_arrival_pond, layout_basic, hellmonk_ecumenical_altar_arch_garden
D:2:      layout_basic, basic_altar, patterned_corridor
D:3:      layout_loops_corners, kennysheep_generic_room_6
D:4:      layout_cave_pools, portal_sewer_entry_f, serial_shops, shop
D:5:      minmay_spotlight, layout_basic, xom_confusion_cloud, serial_shops,
          shop, nicolae_concentric_dashed_squares_wild, kennysheep_potato
D:6:      layout_cave_pods, mainiacjoe_overflow_alcove_4
D:7:      layout_loops_corners, lemuel_coloured_pillars_altar,
          minmay_temple_entry_overgrown, nicolae_ossuary_entry_plus,
          minivault_22, glass_columns_a
D:8:      layout_gridville, chequers_temple_overflow_statue_of_worship,
          david_defended_altar_orc
D:9:      minmay_separated_statues, layout_stronghold,
          dreamdust_divine_triumvirate, mainiacjoe_overflow_cross_hatched,
          dpeg_oklobed_lair, hangedman_corner_corridor
Lair:1:   layout_roguey, gauntlet_entry_generic, serial_bayou_shore_b,
          lemuel_fruit_tree, uniq_urug
Lair:2:   layout_long_grid, minmay_swamp_entry_worms,
          hellmonk_spider_entry_not_the_bees, nicolae_volcano_entry_two_sided,
          serial_bayou_shore_a, grunt_megastairs_1, uniq_erica
Lair:3:   layout_layer_cave, serial_bayou_shore_b, uniq_rupert

Skill      XL: |  1  2  3  4  5  6  7  8  9 10 11 12 |
---------------+-------------------------------------+-----
Axes           | 3 4 5 6 8 9 11 12 13 15 | 15.9
Invocations    | 6 |  6.6
Fighting       | 5 7 8 10 | 10.1
Armour         | 7 12 15 | 15.3
Shields        | |  3.2

Action                     |  1- 3 |  4- 6 |  7- 9 | 10-12 || total
---------------------------+-------+-------+-------+-------++-------
  Melee: War axe           |    65 |   179 |   383 |   289 ||   916
         Broad axe         |       |       |       |   160 ||   160
  Throw: Dart              |    21 |       |    76 |   118 ||   215
 Invoke: Heroism           |       |       |     1 |    19 ||    20
         Finesse           |       |       |       |     3 ||     3
  Evoke: Wand              |       |       |       |     1 ||     1
    Use: Scroll            |       |    11 |    14 |     4 ||    29
         Potion            |       |       |     3 |     5 ||     8
   Stab: Invisible         |       |       |       |     5 ||     5
 Armour: Scale mail        |    31 |    33 |       |       ||    64
         Plate armour      |       |    32 |   185 |   291 ||   508
  Dodge: Dodged            |    23 |    53 |    88 |   164 ||   328
  Block: Buckler           |    12 |    30 |    56 |   104 ||   202

Table legend: (Time is in decaauts)
 A = Elapsed time spent in this place.
 B = Non-inter-level travel time spent in this place.
 C = Inter-level travel time spent in this place.
 D = Time resting spent in this place.
 E = Time spent auto-exploring this place.
 F = Levels seen in this place.
 G = Mean time per level.
                   A        B        C        D        E       F      G
               +--------+--------+--------+--------+--------+-----+--------+
         Total |  15110 |  14914 |    196 |   3782 |   7886 |  14 | 1079.3 |
       Dungeon |  10148 |   9987 |    161 |   2076 |   5873 |   9 | 1127.6 |
          Lair |   2528 |   2494 |     34 |    525 |   1356 |   3 |  842.7 |
         Sewer |   2275 |   2275 |      0 |   1181 |    632 |   1 | 2275.0 |
       Ossuary |    158 |    158 |      0 |      0 |     24 |   1 |  158.0 |
               +--------+--------+--------+--------+--------+-----+--------+

Top non-repeatable levels by time:
   Sewer: 2275 daAuts
     D:9: 1813 daAuts
     D:2: 1770 daAuts
  Lair:2: 1199 daAuts
     D:8: 1179 daAuts
     D:5: 1174 daAuts
  Lair:1: 1012 daAuts
     D:3: 999 daAuts
     D:6: 982 daAuts
     D:7: 909 daAuts
     D:4: 769 daAuts
     D:1: 550 daAuts
  Lair:3: 316 daAuts
 Ossuary: 158 daAuts
